 Dungeon Crawl Stone Soup version 0.18-a0-1577-gf591c28 (webtiles) character file.

994 Duffy the Insei (level 7, 0/51 HPs)
             Began as a Demonspawn Transmuter on Mar 18, 2016.
             Succumbed to a water moccasin's poison
             ... on level 4 of the Dungeon.
             The game lasted 00:08:56 (6649 turns).

Duffy the Insei (Demonspawn Transmuter)             Turns: 6649, Time: 00:08:56

Health: 0/51       AC: -1    Str: 12    XL:     7   Next: 99%
Magic:  7/10       EV: 14    Int: 14    God:
Gold:   229        SH:  0    Dex: 14    Spells: 2 memorised, 6 levels left

rFire  . . .     SeeInvis .       - Unarmed
rCold  . . .     Gourm    .     b - +0 robe
rNeg   . . .     Faith    .     (no shield)
rPois  .         Spirit   .     l - +0 helmet
rElec  .         Dismiss  .     (no cloak)
rCorr  .         Reflect  .     (no gloves)
SustAt .         Harm     .     (no boots)
MR     .....                    (no amulet)
Stlth  ++........               (no ring)
                                (no ring)

@: lethally poisoned (0 -> -6), exhausted, corroded equipment, very slightly
contaminated, slowed, very slow, not resistant to hostile enchantments,
unstealthy
A: claws 1, iridescent scales 1, nightstalker 1
a: no special abilities


You were on level 4 of the Dungeon.
You were very hungry.

You visited 1 branch of the dungeon, and saw 5 of its levels.

You collected 229 gold pieces.


Innate Abilities, Weirdness & Mutations

You have sharp fingernails.
You are partially covered in iridescent scales (AC +4).
You are slightly more attuned to the shadows.


   Skills:
 + Level 2.6 Fighting
 - Level 4.8 Dodging
 + Level 6.7 Unarmed Combat
 - Level 2.0 Spellcasting
 - Level 2.0 Transmutations
 - Level 2.0 Poison Magic


You had 6 spell levels left.
You knew the following spells:

 Your Spells              Type           Power        Failure   Level  Hunger
a - Beastly Appendage     Trmt           #.....       12%         1    ##.....
l - Spider Form           Trmt/Pois      #.........   30%         3    ####...

Inventory:

Missiles
 a - 34 arrows
Armour
 b - a +0 robe (worn)
 l - a +0 helmet (worn)
 m - a +0 ring mail of fire resistance
Jewellery
 g - the amulet of Norchill {Inacc rElec rN+}

   [amulet of inaccuracy]

   It reduces the accuracy of all your attacks.
   It insulates you from electricity.
   It protects you from negative energy.
Scrolls
 h - 2 scrolls of recharging
 i - 2 scrolls of teleportation
 j - 2 scrolls of remove curse
 n - a scroll of fog {unknown}
 p - a scroll of immolation {unknown}
 q - a scroll of enchant weapon {unknown}
 r - a scroll of amnesia {unknown}
Potions
 k - a potion of flight
 o - a potion of might
Books
 c - a book of Changes
Comestibles
 d - 4 bread rations
 f - 2 beef jerkies
 t - a meat ration

Dungeon Overview and Level Annotations

Branches:
Dungeon (5/15)
 Temple: D:4-7

Altars:
Dithmenos


Message History

You scratch the jelly.
Your claws burn!
The jelly is severely wounded.
You feel sick. The jelly closely misses you.
You scratch the jelly but do no damage. The acid corrodes you!
Your claws burn!
The jelly is severely wounded.
You feel sick. The jelly closely misses you.
You feel sick.
Drink which item? (? for menu, Esc to quit)
A red film seems to cover your vision as you go berserk!
You feel yourself moving faster!
You feel mighty!
You feel sick. The jelly hits you.
You are splashed with acid!
The acid burns!
You claw the jelly!
You kill the jelly!
You feel sick.
You swing at nothing.
You are too berserk!
You swing at nothing.
You feel a strong urge to attack something.
You feel sick.
You swing at nothing.
You swing at nothing.
You feel your anger subside.
You feel sick.
You swing at nothing.
You are no longer berserk.
You are exhausted.
You feel yourself slow down.
You are feeling very hungry.
Drink which item? (? for menu, Esc to quit)
Okay, then.
Read which item? (? for menu, Esc to quit)
Okay, then.
You feel sick.
You feel sick.
You die...

...............##..##### #......
............#.......)..####......
............#...#.####...........
#...............#.# ###...##).>..
.......#........#.# #....##......
.###.###..#.......# #..#.##.#####
.# #.###.....##..####....##.# .#
#..<#...####.........###.#
<#####)....###..@..##.[.# #.#
...#............#.....### #.#
....................### #.#
#.##..............>## #.#
#.##................# #.#
#.).................# #.#
....................# #.#
..##................# #.#
....................# ##.#


There were no monsters in sight!

Action                   |  1- 3 |  4- 6 |  7- 9 || total
-------------------------+-------+-------+-------++-------
Melee: Unarmed           |   104 |   233 |    67 ||   404
 Cast: Spider Form       |       |    15 |     7 ||    22
  Use: Scroll            |       |     6 |     1 ||     7
       Potion            |       |       |     1 ||     1
 Stab: Sleeping          |     3 |    10 |     4 ||    17
       Distracted        |       |     1 |       ||     1
  Eat: Chunk             |     2 |    15 |     5 ||    22

Notes
Turn   | Place    | Note
--------------------------------------------------------------
     0 | D:1      | Duffy the Demonspawn Transmuter began the quest for the Orb.
     0 | D:1      | Reached XP level 1. HP: 15/15 MP: 3/3
   149 | D:1      | Reached skill level 2 in Transmutations
   193 | D:1      | Reached skill level 3 in Unarmed Combat
   306 | D:1      | Gained mutation: You are slightly more attuned to the shadows. [demonic ancestry]
   306 | D:1      | Reached XP level 2. HP: 18/21 MP: 5/5
   560 | D:1      | You fall through a shaft!
  1015 | D:1      | Gained mutation: You have sharp fingernails. [demonic ancestry]
  1015 | D:1      | Reached XP level 3. HP: 26/26 MP: 6/6
  1020 | D:1      | Learned a level 3 spell: Spider Form
  1323 | D:2      | Reached skill level 1 in Poison Magic
  1517 | D:2      | Reached skill level 4 in Unarmed Combat
  1517 | D:2      | Reached XP level 4. HP: 13/32 MP: 7/7
  1959 | D:2      | Reached skill level 2 in Poison Magic
  2436 | D:2      | Reached skill level 2 in Dodging
  2975 | D:3      | Reached XP level 5. HP: 32/37 MP: 4/8
  3178 | D:3      | Found a shadowy altar of Dithmenos.
  3380 | D:3      | Noticed an ogre
  3397 | D:3      | Killed an ogre
  3397 | D:3      | Reached skill level 3 in Dodging
  3397 | D:3      | Reached skill level 5 in Unarmed Combat
  3397 | D:3      | Reached XP level 6. HP: 11/43 MP: 6/9
  4199 | D:4      | Got a brightly glowing jade amulet
  4214 | D:4      | Identified the amulet of Norchill {Inacc rElec rN+} (You found it on level 4 of the Dungeon)
  5500 | D:3      | Reached skill level 4 in Dodging
  5500 | D:3      | Gained mutation: You are partially covered in iridescent scales (AC +4). [demonic ancestry]
  5500 | D:3      | Reached XP level 7. HP: 16/48 MP: 6/10
  5829 | D:4      | Reached skill level 6 in Unarmed Combat
  6614 | D:5      | Entered Level 5 of the Dungeon
  6632 | D:5      | Reached skill level 2 in Fighting
  6649 | D:4      | Succumbed to a water moccasin's poison

Vault maps used:
D:1:      matt_arrival_refuge, minmay_misc_feat_square
D:2:      first_bread
D:3:      grunt_dithmenos_smoke, kennysheep_generic_room_11

Vanquished Creatures
  A water moccasin
  A sky beast
  2 ogres
  A scorpion
  A jelly
  A centaur skeleton
  4 orc priests
  A hound
  An iguana
  3 orc wizards
  2 worker ants
  A hound skeleton
  A gnoll
  10 adders
  2 adder skeletons
  3 worms
  A dart slug
  2 giant geckos
  16 orcs
  2 ball pythons
  12 bats
  3 giant cockroaches
  4 hobgoblins
  7 jackals
  A quokka
  4 giant newts
  8 goblins
  5 kobolds
  11 rats
111 creatures vanquished.
